 Dungeon Crawl Stone Soup version 0.16.2-12-gd0ad4c3 (webtiles) character file.

73 4thArraOfDagon the Insei (level 4, -2/21 HPs)
             Began as a Vine Stalker Transmuter on Aug 5, 2016.
             Was an Initiate of Makhleb.
             Slain by a centaur skeleton (4 damage)
             ... on level 4 of the Dungeon.
             The game lasted 00:05:33 (810 turns).

4thArraOfDagon the Insei (Vine Stalker Transmuter)   Turns: 810, Time: 00:05:34

Health: -2/21      AC:  2    Str: 12    XL:     4   Next: 27%
Magic:  0/9        EV: 19    Int: 24    God:    Makhleb [......]
Gold:   92         SH:  0    Dex: 20    Spells: 2 memorised, 4 levels left

rFire  . . .     SeeInvis .       - Unarmed
rCold  . . .     Clarity  .     c - melded +0 robe
rNeg   . . .     SustAb   .     (shield currently unavailable)
rPois  x         Gourm    .     (helmet currently unavailable)
rElec  .         Spirit   +     (cloak currently unavailable)
rCorr  .         Warding  .     m - melded +0 pair of gloves (curse)
rMut   .         Rnd*Tele +     (boots currently unavailable)
MR     .....                    (no amulet)
Stlth  ++........               g - ring of teleportation (curse)
                                n - +5 ring of intelligence (curse)

@: brilliant, spider-form, not resistant to hostile enchantments, unstealthy
A: (fangs 0), regeneration 1, magic shield, (antimagic bite), no device heal 3,
rot immunity
a: End Transformation, Renounce Religion, Evoke Teleportation


You were on level 4 of the Dungeon.
You worshipped Makhleb.
Makhleb was noncommittal.
You were not hungry.
You were a venomous arachnid creature.
You visited 1 branch of the dungeon, and saw 5 of its levels.

You collected 92 gold pieces.

Inventory:

Missiles
 b - 12 arrows
 j - 5 tomahawks of returning (quivered)
Armour
 c - a +0 robe (melded)
 i - a +0 ring mail
 m - a cursed +0 pair of gloves (melded)
Magical staves
 p - an uncursed staff of wizardry {unknown}
Jewellery
 e - a +4 ring of protection
 g - a cursed ring of teleportation (right front leg)
 k - an uncursed ring of sustain abilities {unknown}
 l - an uncursed ring of positive energy
 n - a cursed +5 ring of intelligence (left front leg)
Potions
 f - a potion of curing
 h - a potion of ambrosia
Books
 d - a book of Changes

   Spells                             Type                      Level
   a - Beastly Appendage              Transmutation                1
   b - Sticks to Snakes               Transmutation                2
   c - Spider Form                    Transmutation/Poison         3
   d - Ice Form                       Ice/Transmutation            4
   e - Blade Hands                    Transmutation                5
Comestibles
 a - 2 bread rations
 r - a meat ration


   Skills:
 - Level 0.8 Fighting
 - Level 1.5 Dodging
 * Level 4.0 Unarmed Combat
 + Level 2.7 Spellcasting
 + Level 2.6 Transmutations
 + Level 1.2 Evocations


You had 4 spell levels left.
You knew the following spells:

 Your Spells              Type           Power        Failure   Level  Hunger
a - Beastly Appendage     Trmt           ####..       1%          1    None
b - Spider Form           Trmt/Pois      ###.......   5%          3    ###....


Dungeon Overview and Level Annotations

Branches:
Dungeon (5/15)
 Temple: D:4-7

Altars:
Makhleb
Vehumet
Xom

Shops:
D:4 (


Innate Abilities, Weirdness & Mutations

((You have extremely sharp teeth.))
Your natural rate of healing is unusually fast.
When hurt, damage is shared between your health and your magic reserves.
((Your bite disrupts and absorbs the magic of your enemies.))
Potions and wands cannot restore your health.
You are immune to rotting.


Message History

The centaur skeleton hits you.
* * * LOW HITPOINT WARNING * * *
Unknown command.
Read which item? (? for menu, Esc to quit)
Okay, then.
Casting: Spider Form
Confirm with . or Enter, or press ? or * to list all spells.
You turn into a venomous arachnid creature.
Your cursed +0 pair of gloves melds into your body.
Your +0 robe melds into your body.
The centaur skeleton barely misses you.
Unknown command.
You hit the centaur skeleton.
You bite the centaur skeleton, but do no damage.
The centaur skeleton misses you.
Put on which piece of jewellery? (? for menu, Esc to quit)
Okay, then.
You bite the centaur skeleton!
You bite the centaur skeleton, but do no damage.
The centaur skeleton hits you.
You die...

#... #...# #...
###### .####...
#....# .........
#....### ........#
#......#
...?....###....#.#
.........Zl$.....>#
........s###......#
.........##..........
........##.....[....
........##.#....$.?.
....######.#......?..
... #(#.....##### #
#.#....$# . # ###


You could see an iguana and a centaur skeleton.

Vanquished Creatures
  A worker ant (D:5)
  An adder (D:2)
  An ooze (D:1)
  4 orcs (D:3)
  A bat skeleton (D:4)
  A giant cockroach (D:1)
  5 hobgoblins
  2 jackals (D:2)
  2 kobolds (D:5)
  A quokka (D:4)
  A ball python (D:1)
  A bat (D:1)
  A giant newt (D:1)
  5 goblins
  2 rats (D:1)
29 creatures vanquished.

Notes
Turn   | Place    | Note
--------------------------------------------------------------
     0 | D:1      | 4thArraOfDagon, the Vine Stalker Transmuter, began the quest for the Orb.
     0 | D:1      | Reached XP level 1. HP: 9/9 MP: 3/3
   170 | D:1      | Reached XP level 2. HP: 14/14 MP: 6/6
   411 | D:2      | Reached XP level 3. HP: 9/17 MP: 7/7
   426 | D:2      | Found a shimmering altar of Xom.
   427 | D:2      | Found a burning altar of Makhleb.
   431 | D:2      | Became a worshipper of Makhleb the Destroyer
   468 | D:3      | Learned a level 3 spell: Spider Form
   588 | D:4      | Found Enluma's Weapon Shoppe.
   599 | D:4      | Found a radiant altar of Vehumet.
   706 | D:5      | Entered Level 5 of the Dungeon
   724 | D:5      | Reached skill level 4 in Unarmed Combat
   724 | D:5      | Reached skill level 1 in Evocations
   724 | D:5      | Reached XP level 4. HP: 7/21 MP: 1/9
   790 | D:4      | Noticed an ogre
   810 | D:4      | Slain by a centaur skeleton

Action                   |  1- 3 |  4- 6 || total
-------------------------+-------+-------++-------
Melee: Unarmed           |   136 |     5 ||   141
 Cast: Spider Form       |     1 |     2 ||     3
  Use: Scroll            |     7 |       ||     7
       Potion            |       |     3 ||     3
